 Dungeon Crawl Stone Soup version 0.31-a0-188-g5e087ee2ca (webtiles) character file.

Game seed: 4058883814730946334

52 qw the Shooter (level 3, 0/20 HPs)
             Began as a Deep Elf Hunter on June 22, 2023.
             Slain by a goblin
             ... wielding a +0 club
             ... led by Robin
              (5 damage)
             ... on level 2 of the Dungeon.
             The game lasted 00:00:24 (1207 turns).

qw the Shooter (Deep Elf Hunter)                    Turns: 1207, Time: 00:00:25

Health: 0/20       AC:  4    Str: 10    XL:     3   Next: 60%
Magic:  5/5        EV: 12    Int: 13    God:
Gold:   23         SH:  0    Dex: 18    Spells: 2/2 levels left

rFire   . . .        Y - +0 shortbow
rCold   . . .        (shield currently unavailable)
rNeg    . . .        c - +0 leather armour
rPois   .            (no helmet)
rElec   .            g - +0 cloak
rCorr   .            (no gloves)
SInv    .            (no boots)
Will    +....        f - amulet of faith
Stlth   ++           l - ring of willpower
HPRegen 0.23/turn    (no ring)
MPRegen 0.09/turn

%: faith
@: no status effects
A: no striking features
a: no special abilities


You were on level 2 of the Dungeon.
You visited 1 branch of the dungeon, and saw 2 of its levels.

You collected 89 gold pieces.
You spent 66 gold pieces at shops.


   Skills:
 - Level 1.5 Fighting
 + Level 7.1 Ranged Weapons
 - Level 2.4 Dodging
 - Level 1.2 Stealth


You had 2 spell levels left.
You didn't know any spells.
Your spell library was empty.

Inventory:

Hand Weapons
 Y - a +0 shortbow (weapon)
Armour
 a - a +0 ring mail
 c - a +0 leather armour (worn)
 g - a +0 cloak (worn)
Jewellery
 f - an amulet of faith (around neck)
 l - a ring of willpower (left hand)
Scrolls
 b - 2 scrolls of identify
Potions
 e - a potion of enlightenment
 h - a potion of might {unknown}
 i - a potion of attraction {unknown}

Dungeon Overview and Level Annotations

Branches:
Dungeon (2/15)

Altars:

Shops:
D:1 (   D:2 *

Annotations:
D:2 1 runed translucent door, Crazy Yiuf, Robin


Message History

You kill the hobgoblin!
You shoot an arrow. The arrow hits the goblin.
You kill the goblin!
A goblin comes into view. It is wielding a +0 club.
Found 11 gold pieces.
Enter note:
Enter note: You shoot an arrow.
The arrow hits the goblin.
You kill the goblin!
You hear a shout! x2
Robin of the Strong Arm comes into view.
They are wielding a +2 short sword of electrocution.
You hear a shout! x3
You shoot an arrow.
The arrow hits Robin but does no damage.
You hear an angry hiss.
You hear a shout!
A goblin comes into view. It is wielding a +0 club.
You shoot an arrow. The arrow hits Robin!
Robin is heavily wounded.
Robin roars a battlecry!
The goblin goes into a battle-frenzy!
A hobgoblin comes into view.
You hear a shout!
You shoot an arrow. The arrow hits Robin.
Robin is heavily wounded.
Robin throws the goblin at you!
You shoot an arrow. The arrow hits Robin.
Robin is severely wounded.
The goblin hits you with a +0 club.
Robin hits you with a +2 short sword of electrocution.
You shoot an arrow. The arrow hits Robin.
Robin is severely wounded.
The goblin hits you with a +0 club. Robin barely misses you.
A goblin comes into view. It is wielding a +1 dagger of draining.
You shoot an arrow. The arrow hits Robin.
Robin is almost dead.
The goblin completely misses you.
You shoot an arrow. The arrow hits Robin.
Robin is almost dead.
The goblin hits you with a +0 club.
You die...

#.# ##...##
#.# # #..
#.....# #.#
. ###
#.....#
#.....
#.....###..#
##.........#
##..#####.#
#...# #.#g#
. #.#@#
#.... ..#g#
..# .#.#gg
.....
.#.....
#.### #
#...##. #
...# )# #..#
# #.$.


You could see Robin, a hobgoblin (strong) and 2 goblins.

Vanquished Creatures
  An adder (D:2)
  7 ball pythons (D:1)
  A bat (D:2)
  4 endoplasms
  3 goblins (D:2)
  6 hobgoblins
  3 jackals (D:1)
  2 kobolds
  2 quokkas (D:1)
  2 frilled lizards (D:1)
  7 rats
38 creatures vanquished.

Notes
Turn   | Place    | Note
-------+----------+-------------------------------------------
     0 | D:1      | qw the Deep Elf Hunter began the quest for the Orb.
     0 | D:1      | Reached XP level 1. HP: 12/12 MP: 3/3
     0 | D:1      | 0 ||| qw: Version: 0.3-a-9-g12657ce
     0 | D:1      | 0 ||| qw: Game counter: 3033
     0 | D:1      | 0 ||| qw: Always use a shield: true
     0 | D:1      | 0 ||| qw: God list: Okawaru
     0 | D:1      | 0 ||| qw: Allow faded altars: false
     0 | D:1      | 0 ||| qw: Do Orc after D:15 true
     0 | D:1      | 0 ||| qw: Do second Lair branch before Depths: true
     0 | D:1      | 0 ||| qw: Lair rune preference: random
     0 | D:1      | 0 ||| qw: Plans: Normal
     0 | D:1      | 0 ||| PLANNING D:1-11
   223 | D:1      | Reached XP level 2. HP: 7/16 MP: 4/4
   272 | D:1      | Reached skill level 6 in Ranged Weapons
   456 | D:1      | Found Tihuoda's Antique Weapon Emporium.
   459 | D:1      | 459 ||| SHOPLISTING glowing sling (117 gold, have 43).
   951 | D:1      | Reached XP level 3. HP: 20/20 MP: 5/5
   960 | D:1      | 960 ||| UPGRADING to +0 cloak.
   965 | D:1      | 965 ||| UPGRADING to amulet of faith.
   970 | D:1      | 970 ||| UPGRADING to ring of willpower.
   971 | D:1      | 971 ||| READING 2 scrolls labelled ILIDGHO ANYIMN.
   972 | D:1      | 972 ||| READING scroll labelled ETANOTSE JOEM.
   973 | D:1      | 973 ||| READING scroll labelled HETTAI YNIPONAQ.
   974 | D:1      | 974 ||| DRINKING 2 red potions.
   975 | D:1      | 975 ||| DROPPING scroll of blinking.
   976 | D:1      | 976 ||| DROPPING scroll of butterflies.
   990 | D:2      | Found Lourato's General Store.
  1008 | D:2      | 1008 ||| BUYING +0 ring mail (44 gold).
  1008 | D:2      | Bought a +0 ring mail for 44 gold pieces
  1008 | D:2      | 1008 ||| SHOPLISTING +3 cloak of Discretion {*Slow Regen+
                  | Dex+3} (299 gold, have 34).
  1008 | D:2      | 1008 ||| SHOPLISTING +4 ring of protection (396 gold, have
                  | 34).
  1008 | D:2      | 1008 ||| SHOPLISTING potion of mutation (88 gold, have 34).
  1008 | D:2      | 1008 ||| BUYING scroll of identify (22 gold).
  1008 | D:2      | Bought a scroll of identify for 22 gold pieces
  1008 | D:2      | 1008 ||| SHOPLISTING scroll of identify (22 gold, have 12).
  1042 | D:2      | Found a runed translucent door.
  1043 | D:2      | Noticed Crazy Yiuf
  1172 | D:2      | Reached skill level 7 in Ranged Weapons
  1200 | D:2      | Noticed Robin
  1205 | D:2      | HP: 4/20 [goblin/+0 club[Robin] (5)]
  1207 | D:2      | Slain by a goblin

Levels and vault maps discovered:
D:1:      minmay_arrival_radiant_lines, layout_rooms, serial_co_window_serial,
          co_window_cross_1, co_window_corner_a, co_window_cross_1,
          co_window_corner_a, co_window_corner_a, co_window_paths_c,
          co_window_corner_b, co_window_cross_2, co_window_corner_ca,
          co_window_2corner, co_window_cross_3, co_window_4corner_b,
          glass_columns_c, glass_columns_c, glass_columns_b, glass_columns_a,
          serial_shops, nicolae_shop_real_fake_doors
D:2:      layout_loops_ring, serial_shops, shop, minmay_tetromino_t2,
          uniq_crazy_yiuf_cottage, uniq_robin, uniq_sigmund

Skill      XL: |  1  2  3 |
---------------+----------+-----
Ranged Weapons | 6 7 |  7.1
Fighting       | |  1.5
Dodging        | |  2.4
Stealth        | |  1.2

Action                     || total
---------------------------++-------
   Fire: Shortbow          ||    90
    Use: Scroll            ||     3
         Potion            ||     1
 Armour: Leather armour    ||     5
  Dodge: Dodged            ||    19

Table legend:
 A = Non-vault XP
 B = Vault XP
 C = Vault XP percentage of total XP
 D = Non-vault monster count
 E = Vault monster count
 F = Vault count percentage of total count
                 A         B        C        D         E       F
            +---------+---------+-------+---------+---------+-------
      Total |      69 |       6 |   8.0 |      35 |       3 |   7.9
            +---------+---------+-------+---------+---------+-------
        D:1 |      42 |       0 |   0.0 |      25 |       0 |   0.0
        D:2 |      27 |       6 |  18.2 |      10 |       3 |  23.1
            +---------+---------+-------+---------+---------+-------
